BLB
CALIFORNIA KODIAKS @ BALTIMORE BULLDOGS
04/29/2060
 
TOP OF THE 1ST
California Kodiaks batting - Pitching for Baltimore Bulldogs : RHP Oliver Lanham
Pitching: RHP Oliver Lanham
Batting: RHB Hayden Cornett 0-0: Called Strike
0-1: Foul Ball, location: 2F
0-2: Strikes out swinging
Batting: LHB Stephen Caskey 0-0: Ball
1-0: Called Strike
1-1: Swinging Strike
1-2: Foul Ball, location: 2F
1-2: Ball
2-2: Strikes out swinging
Batting: RHB Stan Sikes 0-0: Called Strike
0-1: Ball
1-1: Ball
2-1: Foul Ball, location: 2F
2-2: SOLO HOME RUN (Line Drive, 89XD, EV 116.9 MPH), Distance : 458 ft
Batting: LHB Idris Wnuk 0-0: Called Strike
0-1: Ball
1-1: Ground out 6-3 (Groundball, 6, EV 86.9 MPH)
Top of the 1st over - 1 run, 1 hit, 0 errors, 0 left on base; California 1 - Baltimore 0
BOTTOM OF THE 1ST
Baltimore Bulldogs batting - Pitching for California Kodiaks : RHP Chase Lowe
Pitching: RHP Chase Lowe
Batting: LHB Andy Wulfeck 0-0: Called Strike
0-1: Swinging Strike
0-2: Ball
1-2: Ball
2-2: Fly out, F9 (Line Drive, 9S, EV 90.6 MPH)
Batting: SHB Val Schmit 0-0: Ball
1-0: Called Strike
1-1: Ground out 3-1 (Groundball, 3L, EV 101.9 MPH)
Batting: LHB Kentrellis Donciu 0-0: Ball
1-0: Reached on error, E4 (Groundball, 4, EV 106.2 MPH)
Batting: LHB Owen Keimig 0-0: Fly out, F7 (Flyball, 78S, EV 65.0 MPH)
Bottom of the 1st over - 0 runs, 0 hits, 1 error, 1 left on base; California 1 - Baltimore 0
TOP OF THE 2ND
California Kodiaks batting - Pitching for Baltimore Bulldogs : RHP Oliver Lanham
Batting: RHB Spencer Stephens 0-0: Foul Ball, location: 2F
0-1: Foul Ball, location: 2F
0-2: Ball
1-2: Strikes out looking
Batting: RHB C.J. Spicer 0-0: Fly out, F4 (Line Drive, 4M, EV 70.0 MPH)
Batting: RHB Al Wagner 0-0: Ball
1-0: Ball
2-0: DOUBLE (Flyball, 78XD, EV 105.0 MPH)
Batting: RHB Mitt Saginashvili 0-0: Called Strike
0-1: Ball
1-1: Swinging Strike
1-2: Strikes out looking
Top of the 2nd over - 0 runs, 1 hit, 0 errors, 1 left on base; California 1 - Baltimore 0
BOTTOM OF THE 2ND
Baltimore Bulldogs batting - Pitching for California Kodiaks : RHP Chase Lowe
Batting: RHB James Hylton 0-0: Fly out, F4 (Popup, 4S, EV 77.5 MPH)
Batting: LHB Justin Castiglioni 0-0: Ball
1-0: Ball
2-0: Foul Ball, location: 2F
2-1: Called Strike
2-2: Ball
3-2: Ground out 6-3 (Groundball, 56, EV 100.6 MPH)
Batting: SHB Ulisses Schnopp 0-0: Called Strike
0-1: Ball
1-1: Called Strike
1-2: Foul Ball, location: 2F
1-2: Ball
2-2: Foul Ball, location: 2F
2-2: SOLO HOME RUN (Flyball, 89XD, EV 105.0 MPH), Distance : 389 ft
Batting: RHB Neil Shoemaker 0-0: Called Strike
0-1: Foul Ball, location: 2F
0-2: Ground out 4-3 (Groundball, 4, EV 88.8 MPH)
Bottom of the 2nd over - 1 run, 1 hit, 0 errors, 0 left on base; California 1 - Baltimore 1
TOP OF THE 3RD
California Kodiaks batting - Pitching for Baltimore Bulldogs : RHP Oliver Lanham
Batting: RHB Caron Wilson 0-0: Foul Ball, location: 2F
0-1: Foul Ball, location: 2F
0-2: Strikes out swinging passed ball, reaches first!
Batting: RHB Hayden Cornett 0-0: Foul Ball, location: 2F
0-1: Called Strike
0-2: Strikes out looking
Batting: LHB Stephen Caskey 0-0: Called Strike
0-1: SINGLE (Line Drive, 34D, EV 100.0 MPH)
Caron Wilson to second
Runner from 2nd tries for 3rd, OUT! 9-5
Batting: RHB Stan Sikes 0-0: Ball
Stephen Caskey steals 2nd base (no throw)
1-0: Ball
2-0: Ball
3-0: Called Strike
3-1: Base on Balls
Batting: LHB Idris Wnuk 0-0: Foul Ball, location: 2F
0-1: Swinging Strike
0-2: Strikes out swinging
Top of the 3rd over - 0 runs, 1 hit, 0 errors, 2 left on base; California 1 - Baltimore 1
BOTTOM OF THE 3RD
Baltimore Bulldogs batting - Pitching for California Kodiaks : RHP Chase Lowe
Batting: LHB Peter Clothier 0-0: Ball
1-0: Foul Ball, location: 2F
1-1: Foul Ball, location: 2F
1-2: Foul Ball, location: 2F
1-2: SINGLE (Groundball, 25, EV 73.1 MPH) (infield hit)
Batting: LHB Andy Wulfeck 0-0: Ball
1-0: Ball
2-0: Called Strike
2-1: Swinging Strike
2-2: SINGLE (Line Drive, 8RS, EV 110.0 MPH)
Peter Clothier to second
Batting: SHB Val Schmit 0-0: Ball
1-0: Called Strike
1-1: Called Strike
Peter Clothier steals 3rd base
1-2: Strikes out swinging
Batting: LHB Kentrellis Donciu 0-0: Called Strike
0-1: Called Strike
0-2: Foul Ball, location: 2F
0-2: Ball
1-2: Foul Ball, location: 2F
1-2: Foul Ball, location: 2F
1-2: Strikes out swinging
Batting: LHB Owen Keimig 0-0: Called Strike
0-1: Ball
1-1: Ground out 4-3 (Groundball, 4, EV 79.4 MPH)
Bottom of the 3rd over - 0 runs, 2 hits, 0 errors, 2 left on base; California 1 - Baltimore 1
TOP OF THE 4TH
California Kodiaks batting - Pitching for Baltimore Bulldogs : RHP Oliver Lanham
Batting: RHB Spencer Stephens 0-0: Ball
1-0: SINGLE (Groundball, 6MD, EV 113.1 MPH) (infield hit)
Batting: RHB C.J. Spicer 0-0: Called Strike
Spencer Stephens is caught stealing 2nd base 2-4
0-1: Foul Ball, location: 2F
0-2: Ball
1-2: Ball
2-2: Ball
3-2: Ground out 1-3 (Groundball, P, EV 68.1 MPH)
Batting: RHB Al Wagner 0-0: Foul Ball, location: 2F
0-1: Ball
1-1: Ball
2-1: Ball
3-1: Foul Ball, location: 2F
3-2: Strikes out swinging
Top of the 4th over - 0 runs, 1 hit, 0 errors, 0 left on base; California 1 - Baltimore 1
BOTTOM OF THE 4TH
Baltimore Bulldogs batting - Pitching for California Kodiaks : RHP Chase Lowe
Batting: RHB James Hylton 0-0: Ground out 1-3 (Groundball, 34S, EV 70.6 MPH)
Batting: LHB Justin Castiglioni 0-0: DOUBLE (Flyball, 8RXD, EV 110.0 MPH)
Batting: SHB Ulisses Schnopp 0-0: Called Strike
0-1: Ball
1-1: Ball
2-1: Foul Ball, location: 2F
2-2: Ball
3-2: Strikes out swinging
Batting: RHB Neil Shoemaker 0-0: Fly out, F6 (Popup, 6M, EV 54.4 MPH)
Bottom of the 4th over - 0 runs, 1 hit, 0 errors, 1 left on base; California 1 - Baltimore 1
TOP OF THE 5TH
California Kodiaks batting - Pitching for Baltimore Bulldogs : RHP Oliver Lanham
Batting: RHB Mitt Saginashvili 0-0: Ball
1-0: Ball
2-0: Swinging Strike
2-1: Foul Ball, location: 2F
2-2: Strikes out swinging
Batting: RHB Caron Wilson 0-0: Foul Ball, location: 2F
0-1: Ball
1-1: Swinging Strike
1-2: Foul Ball, location: 2F
1-2: Foul Ball, location: 2F
1-2: Strikes out swinging
Batting: RHB Hayden Cornett 0-0: Called Strike
0-1: Fly out, F3 (Popup, 3SF, EV 74.4 MPH)
Top of the 5th over - 0 runs, 0 hits, 0 errors, 0 left on base; California 1 - Baltimore 1
BOTTOM OF THE 5TH
Baltimore Bulldogs batting - Pitching for California Kodiaks : RHP Chase Lowe
Batting: LHB Peter Clothier 0-0: Ball
1-0: Foul Ball, location: 2F
1-1: Ball
2-1: SINGLE (Line Drive, 78S, EV 95.6 MPH)
Batting: LHB Andy Wulfeck 0-0: Sac Bunt to 25 - play at first, batter OUT! 5-3
Peter Clothier to second
Batting: SHB Val Schmit 0-0: Called Strike
0-1: SINGLE (Groundball, 34D, EV 102.5 MPH)
Peter Clothier to third
Runner from 3rd tries for Home, SAFE, throw by RF to home
Batting: LHB Kentrellis Donciu 0-0: Ball
1-0: Called Strike
1-1: Ball
2-1: Swinging Strike
2-2: SINGLE (Flyball, 4D, EV 94.4 MPH)
Val Schmit to second
Batting: LHB Owen Keimig 0-0: Ball
1-0: Ball
2-0: Called Strike
2-1: Swinging Strike
2-2: Fly out, F7 (Flyball, 78M, EV 90.6 MPH)
Batting: RHB James Hylton 0-0: Ball
1-0: Ball
2-0: Called Strike
2-1: TRIPLE (Line Drive, 78XD, EV 102.5 MPH)
Val Schmit scores
Kentrellis Donciu scores
Batting: LHB Justin Castiglioni 0-0: Called Strike
0-1: Fly out, F9 (Flyball, 9, EV 85.0 MPH)
Bottom of the 5th over - 3 runs, 4 hits, 0 errors, 1 left on base; California 1 - Baltimore 4
TOP OF THE 6TH
California Kodiaks batting - Pitching for Baltimore Bulldogs : RHP Oliver Lanham
Batting: LHB Stephen Caskey 0-0: Ball
1-0: Ball
2-0: Ball
3-0: Called Strike
3-1: Base on Balls
Batting: RHB Stan Sikes 0-0: Ball
1-0: Called Strike
Stephen Caskey steals 2nd base
1-1: Ball
2-1: Swinging Strike
2-2: Ball
3-2: Foul Ball, location: 2F
3-2: Base on Balls
Batting: LHB Idris Wnuk 0-0: Called Strike
0-1: Ball
1-1: Ball
2-1: Swinging Strike
2-2: Foul Ball, location: 2F
2-2: Foul Ball, location: 2F
2-2: Strikes out swinging
Batting: RHB Spencer Stephens 0-0: Called Strike
0-1: Ball
1-1: SINGLE (Groundball, 4MD, EV 95.6 MPH)
Stephen Caskey to third
Stan Sikes to second
Batting: RHB C.J. Spicer 0-0: Swinging Strike
0-1: Grounds into fielders choice 6-2 (Groundball, 6, EV 81.9 MPH)
Stan Sikes to third
Spencer Stephens to second
Batting: RHB Al Wagner 0-0: Swinging Strike
0-1: Ball
1-1: Foul Ball, location: 2F
1-2: Fly out, F8 (Flyball, 78D, EV 111.2 MPH)
Top of the 6th over - 0 runs, 1 hit, 0 errors, 3 left on base; California 1 - Baltimore 4
BOTTOM OF THE 6TH
Baltimore Bulldogs batting - Pitching for California Kodiaks : RHP Chase Lowe
Batting: SHB Ulisses Schnopp 0-0: Called Strike
0-1: Ball
1-1: DOUBLE (Line Drive, 78D, EV 109.4 MPH)
Batting: RHB Neil Shoemaker 0-0: Ball
1-0: Fly out, F7 (Flyball, 7LS, EV 77.5 MPH)
Batting: LHB Peter Clothier 0-0: Ball
1-0: Ball
2-0: Ball
3-0: Called Strike
3-1: Called Strike
3-2: Base on Balls
Pitching: RHP Benedict Zacarias
Batting: LHB Andy Wulfeck 0-0: Ball
1-0: Ball
2-0: Ball
3-0: Called Strike
3-1: SINGLE (Flyball, 78S, EV 91.9 MPH)
Ulisses Schnopp to third
Peter Clothier to second
Batting: SHB Val Schmit 0-0: Fly out, F8 (Flyball, 78D, EV 99.4 MPH)
Runner from 3rd tags up, SCORES, throw by CF
Peter Clothier to third
Batting: LHB Kentrellis Donciu 0-0: Ball
1-0: Ball
2-0: Fly out, F9 (Flyball, 9, EV 88.1 MPH)
Bottom of the 6th over - 1 run, 2 hits, 0 errors, 2 left on base; California 1 - Baltimore 5
TOP OF THE 7TH
California Kodiaks batting - Pitching for Baltimore Bulldogs : RHP Oliver Lanham
Pitching: RHP Devon Goldsmith
Now at 1B: Cole Watson
Now at 2B: Peter Clothier
Now at SS: Stephen Cuff
Now in LF: Justin Castiglioni
Now in CF: Joseph Olsen
Now in RF: Ulisses Schnopp
Batting: RHB Mitt Saginashvili 0-0: Foul Ball, location: 2F
0-1: Ground out 6-3 (Groundball, 6, EV 80.6 MPH)
Batting: RHB Caron Wilson 0-0: Foul Ball, location: 2F
0-1: Swinging Strike
0-2: Foul Ball, location: 2F
0-2: Ball
1-2: Ground out 5-3 (Groundball, 56S, EV 86.2 MPH)
Batting: RHB Hayden Cornett 0-0: Ball
1-0: Ground out 5-3 (Groundball, 56, EV 93.8 MPH)
Top of the 7th over - 0 runs, 0 hits, 0 errors, 0 left on base; California 1 - Baltimore 5
BOTTOM OF THE 7TH
Baltimore Bulldogs batting - Pitching for California Kodiaks : RHP Benedict Zacarias
Batting: RHB Joseph Olsen 0-0: Foul Ball, location: 2F
0-1: Ball
1-1: Ball
2-1: Called Strike
2-2: DOUBLE (Groundball, 5L, EV 100.0 MPH)
Batting: RHB James Hylton 0-0: Called Strike
0-1: Ball
1-1: Called Strike
Joseph Olsen steals 3rd base
1-2: Ball
2-2: Ground out U3 (Groundball, 34S, EV 92.5 MPH)
Joseph Olsen scores
Batting: LHB Justin Castiglioni 0-0: DOUBLE (Flyball, 7LD, EV 86.9 MPH)
Batting: SHB Ulisses Schnopp 0-0: Ball
1-0: Called Strike
Justin Castiglioni steals 3rd base
1-1: Foul Ball, location: 2F
1-2: Strikes out swinging
Batting: RHB Neil Shoemaker 0-0: Ball
1-0: Called Strike
1-1: Ball
2-1: Ground out 6-3 (Groundball, 6, EV 106.9 MPH)
Bottom of the 7th over - 1 run, 2 hits, 0 errors, 1 left on base; California 1 - Baltimore 6
TOP OF THE 8TH
California Kodiaks batting - Pitching for Baltimore Bulldogs : RHP Devon Goldsmith
Batting: LHB Stephen Caskey 0-0: Ball
1-0: Foul Ball, location: 2F
1-1: Ground out 5-3 (Groundball, 56S, EV 87.5 MPH)
Batting: RHB Stan Sikes 0-0: Fly out, F3 (Popup, 34S, EV 78.8 MPH)
Batting: LHB Idris Wnuk 0-0: Foul Ball, location: 2F
0-1: Called Strike
0-2: SINGLE (Line Drive, 4D, EV 96.9 MPH)
Batting: RHB Spencer Stephens 0-0: Fly out, F8 (Flyball, 8RM, EV 88.8 MPH)
Top of the 8th over - 0 runs, 1 hit, 0 errors, 1 left on base; California 1 - Baltimore 6
BOTTOM OF THE 8TH
Baltimore Bulldogs batting - Pitching for California Kodiaks : RHP Benedict Zacarias
Pitching: RHP Benjamin Narvaez
Batting: LHB Peter Clothier 0-0: Ball
1-0: Swinging Strike
1-1: Called Strike
1-2: Ground out 6-3 (Groundball, 6S, EV 61.2 MPH)
Batting: SHB Cole Watson 0-0: Foul Ball, location: 2F
0-1: Foul Ball, location: 2F
0-2: Foul Ball, location: 2F
0-2: Ground out U3 (Groundball, 3, EV 103.8 MPH)
Batting: SHB Val Schmit 0-0: Ball
1-0: Foul Ball, location: 2F
1-1: Ball
2-1: Called Strike
2-2: Strikes out swinging
Bottom of the 8th over - 0 runs, 0 hits, 0 errors, 0 left on base; California 1 - Baltimore 6
TOP OF THE 9TH
California Kodiaks batting - Pitching for Baltimore Bulldogs : RHP Devon Goldsmith
Batting: RHB C.J. Spicer 0-0: Called Strike
0-1: Ball
1-1: Ball
2-1: Foul Ball, location: 2F
2-2: Foul Ball, location: 2F
2-2: Ball
3-2: DOUBLE (Line Drive, 89XD, EV 106.2 MPH)
Batting: RHB Al Wagner 0-0: SINGLE (Line Drive, 78S, EV 91.2 MPH)
C.J. Spicer to third
Batting: RHB Mitt Saginashvili 0-0: Called Strike
0-1: Ball
1-1: Foul Ball, location: 2F
1-2: Fly out, F9 (Flyball, 9S, EV 87.5 MPH)
Batting: RHB Caron Wilson 0-0: Called Strike
0-1: Swinging Strike
0-2: Ball
1-2: Foul Ball, location: 2F
1-2: Ball
2-2: Grounds into double play, 4-6-3 (Groundball, 4, EV 85.0 MPH)
Top of the 9th over - 0 runs, 2 hits, 0 errors, 1 left on base; California 1 - Baltimore 6
Monday, April 29th , 2024 - OOTP Baseball 23.10 Build 110